 Dungeon Crawl Stone Soup version 0.26-a0-40-gfe7b5d5a6f (webtiles) character file.

Game seed: 15447301556885300338, levelgen mode: deterministic

58 Azelas the Shield-Bearer (level 3, 0/33 HPs)
             Began as a Minotaur Fighter on May 31, 2020.
             Slain by Jessica
             ... wielding a +0 dagger
              (2 damage)
             ... on level 2 of the Dungeon.
             The game lasted 00:10:34 (1283 turns).

Azelas the Shield-Bearer (Minotaur Fighter)         Turns: 1283, Time: 00:10:35

Health: 0/33       AC:  7    Str: 21    XL:     3   Next: 75%
Magic:  2/2        EV:  7    Int:  5    God:
Gold:   79         SH:  9    Dex:  9    Spells: 2/2 levels left

rFire    . . .     SeeInvis .   a - +1 war axe
rCold    . . .     Gourm    .   c - +0 kite shield
rNeg     . . .     Faith    .   b - +0 scale mail
rPois    .         Spirit   .   (helmet restricted)
rElec    .         Reflect  .   (no cloak)
rCorr    .         Harm     .   (no gloves)
MR       .....                  (no boots)
Stlth    ..........             m - amulet of inaccuracy (curse)
HPRegen  0.11/turn              (no ring)
MPRegen  0.08/turn              (no ring)

@: no status effects
A: retaliatory headbutt, horns 2
a: no special abilities


You were on level 2 of the Dungeon.
You were not hungry.

You visited 1 branch of the dungeon, and saw 2 of its levels.

You collected 79 gold pieces.

Inventory:

Hand Weapons
 a - a +1 war axe (weapon)
Armour
 b - a +0 scale mail (worn)
 c - a +0 kite shield (worn)
Jewellery
 m - a cursed amulet of inaccuracy (around neck)
Scrolls
 g - a scroll of enchant weapon
 i - 2 scrolls of teleportation {unknown}
 j - a scroll of enchant armour {unknown}
 n - a scroll of blinking {unknown}
 o - a scroll of amnesia {unknown}
 q - a scroll of fear {unknown}
Potions
 d - 4 potions of might
 e - a potion of curing {unknown}
 l - 3 potions of degeneration
 p - 2 potions of cancellation {unknown}
Comestibles
 f - 3 rations
 h - 4 chunks of flesh


   Skills:
 * Level 4.0 Fighting
 * Level 3.4 Axes
 - Level 4.0 Armour
 + Level 0.7 Dodging
 - Level 4.3 Shields


You had 2 spell levels left.
You didn't know any spells.
Your spell library was empty.

Dungeon Overview and Level Annotations

Branches:
Dungeon (2/15)

Altars:
Yredelemnul

Annotations:
D:2 Jessica


Innate Abilities, Weirdness & Mutations

You reflexively headbutt those who attack you in melee.
You have a pair of horns on your head.


Message History

You slash the leopard gecko!
You kill the leopard gecko!
Jessica barely misses you.
Your shield and scale mail prevent you from hitting Jessica.
Your headbutt misses Jessica. Jessica barely misses you.
Jessica hits you with a +0 dagger.
There are monsters nearby!
Your shield and scale mail prevent you from hitting Jessica.
Jessica gestures at you while chanting. Pain shoots through your body!
Jessica barely misses you. You furiously retaliate!
You headbutt Jessica. You miss Jessica.
Jessica is moderately wounded.
Jessica casts a spell at you. Pain shoots through your body!
* * * LOW HITPOINT WARNING * * *
Jessica hits you with a +0 dagger.
* * * LOW HITPOINT WARNING * * *
Jessica hits you with a +0 dagger.
You die...

#....#.#### ###..#
..###.รท##.########....#
# ##[..............####
#........#########
.....#..###...##
######..# ###..# #..##
##.## ##..# #..# #...#
##@# #.#.# #@# #######
##.#.# #l###.....##
#..#.# #.##<......##
##.##.# #.....)....)#
###..##.# ##..........#
.#..###.# ##.l.......#
.....##.# #.........#
.##.....# #.......?.#


You could see Jessica (fast) and a leopard gecko.

Vanquished Creatures
  An adder (D:2)
  An ooze (D:1)
  2 worms (D:2)
  A dart slug (D:1)
  3 leopard geckos
  A ball python (D:2)
  2 bats
  A giant cockroach (D:1)
  6 goblins
  A hobgoblin (D:2)
  4 frilled lizards
  5 kobolds
  6 rats
34 creatures vanquished.

Notes
Turn   | Place    | Note
-------+----------+-------------------------------------------
     0 | D:1      | Azelas the Minotaur Fighter began the quest for the Orb.
     0 | D:1      | Reached XP level 1. HP: 19/19 MP: 0/0
   167 | D:1      | Reached XP level 2. HP: 26/27 MP: 1/1
   318 | D:1      | Found a basalt altar of Yredelemnul.
   901 | D:2      | Reached XP level 3. HP: 33/33 MP: 2/2
  1267 | D:2      | Noticed Jessica
  1283 | D:2      | Slain by Jessica

Illustrated notes

Levels and vault maps discovered:
D:1:      saegor_arrival_simple_a, layout_rooms, kennysheep_flooded_box
D:2:      layout_rooms, first_ration, uniq_jessica

Skill      XL: |  1  2  3 |
---------------+----------+-----
Shields        | 4 |  4.3
Armour         | 4 |  4.0
Axes           | 3 |  3.4
Fighting       | 4 |  4.0
Dodging        | |  0.7

Action                   || total
-------------------------++-------
Melee: War axe           ||   139
       Headbutt          ||    14
  Use: Scroll            ||     3
  Eat: Ration            ||     1
       Chunk             ||     1
Armor: Scale mail        ||    60
Dodge: Dodged            ||    45
Block: Kite shield       ||    84

Table legend:
 A = Non-vault XP
 B = Vault XP
 C = Vault XP percentage of total XP
 D = Non-vault monster count
 E = Vault monster count
 F = Vault count percentage of total count
                 A         B        C        D         E       F
            +---------+---------+-------+---------+---------+-------
      Total |      83 |       0 |   0.0 |      34 |       0 |   0.0
            +---------+---------+-------+---------+---------+-------
        D:1 |      40 |       0 |   0.0 |      18 |       0 |   0.0
        D:2 |      43 |       0 |   0.0 |      16 |       0 |   0.0
            +---------+---------+-------+---------+---------+-------
